Map: Ruins of Endion

Players

smiremorque - Winner!

  • Race: Terran Terran
  • League: Gold

capac

  • Race: Terran Terran
  • League: Gold

VOD

Have the link to the VOD?

Description

Time

  • Played on: April 4, 2016, 11:10 a.m.
  • Length: 11:38
Show
View Real Time Build Order
Export as new Build Order

smiremorque Terran - Winner!

Build Orders: MMM Bio 

Get SALT Encoding   

  12  0:01  SCV  
  13  0:13  SCV  
  14  0:19  Supply Depot  
  14  0:26  SCV  
  15  0:38  Refinery  
  15  0:40  SCV  
  16  0:46  Barracks  
  16  0:52  SCV  
  17  1:05  SCV  
  18  1:17  SCV  
  19  1:31  SCV  
  20  1:33  Barracks Tech Lab  
  20  1:38  Command Center  
  20  1:46  Orbital Command  
  20  1:57  Marauder  
  21  2:12  Supply Depot  
  21  2:18  Marauder  
  23  2:25  Concussive Shells  
  23  2:34  SCV  
  24  2:41  Marine  
  25  2:46  SCV  
  26  2:54  Orbital Command  
  26  2:58  SCV  
  27  3:10  SCV  
  27  3:12  Barracks  
  28  3:17  Marine  
  28  3:19  Command Center  
  29  3:23  SCV  
  29  3:25  Refinery, SCV  
  31  3:35  SCV  
  31  3:36  Factory  
  31  3:37  SCV  
  31  3:38  Marine  
  34  3:43  Stimpack  
  34  3:47  SCV  
  35  3:49  SCV  
  36  3:59  SCV  
  36  4:00  Engineering Bay  
  36  4:01  Barracks Reactor, SCV  
  38  4:09  Refinery, Marine  
  38  4:12  Refinery, SCV  
  38  4:13  SCV  
  41  4:23  Factory Tech Lab  
  41  4:24  SCV  
  41  4:25  SCV  
  41  4:29  Starport  
  43  4:34  Missile Turret  
  43  4:40  Barracks  
  43  4:41  SCV x3  
  46  4:49  Refinery  
  46  4:53  Siege Tank, SCV x2  
  46  4:56  Missile Turret  
  51  5:07  SCV x3  
  51  5:13  Starport Reactor  
  54  5:15  Marine x3  
  54  5:19  SCV x2  
  54  5:20  SCV  
  60  5:22  Refinery  
  60  5:31  SCV  
  61  5:38  Supply Depot  
  61  5:39  Supply Depot  
  61  5:42  Missile Turret  
  61  5:48  Armory  
  61  5:54  Engineering Bay  
  61  5:57  Missile Turret  
  61  5:59  Marine x3, SCV x2  
  61  6:02  Siege Tank  
  69  6:08  Supply Depot  
  69  6:11  SCV  
  69  6:12  Supply Depot, SCV x2  
  72  6:20  Viking  
  72  6:21  Missile Turret x2  
  72  6:22  Medivac  
  76  6:30  Combat Shields  
  76  6:32  Barracks Reactor  
  76  6:35  Terran Infantry Weapons Level 1  
  76  6:36  Supply Depot  
  76  6:37  Terran Infantry Armor Level 1  
  76  6:39  Terran Vehicle Weapons Level 1  
  76  6:41  Siege Tank  
  76  6:43  SCV x3  
  82  6:55  Missile Turret  
  82  6:56  Viking, Medivac  
  82  6:59  Supply Depot  
  82  7:01  Marauder, Marine x2  
  90  7:12  Planetary Fortress  
  90  7:13  Siege Tank  
  93  7:17  Missile Turret  
  93  7:28  Command Center  
  93  7:29  Marine x4  
  97  7:38  Viking, Missile Turret, Medivac  
  101  7:45  Supply Depot, Siege Tank  
  104  7:58  Missile Turret x2  
  104  8:04  Marine x4  
  104  8:05  Marine  
  109  8:07  Supply Depot  
  109  8:08  Medivac x2  
  113  8:21  Siege Tank  
  113  8:22  Marine  
  113  8:25  Command Center  
  117  8:28  Supply Depot  
  117  8:29  Marine x2  
  119  8:38  Viking, Medivac  
  105  8:50  Supply Depot  
  105  9:08  Medivac x2  
  109  9:10  Marauder  
  109  9:11  Marine x4  
  115  9:19  Missile Turret  
  115  9:23  Missile Turret  
  115  9:29  Marine x4  
  119  9:32  Marauder, SCV x3  
  119  9:38  Viking, Medivac  
  126  9:42  Missile Turret  
  126  9:44  Supply Depot  
  128  9:46  Marine  
  128  9:47  Marine  
  128  9:48  Planetary Fortress  
  128  9:51  Missile Turret  
  130  9:53  Marauder  
  130  9:58  SCV  
  130  9:59  SCV x2  
  135  10:03  Supply Depot  
  135  10:08  Supply Depot  
  135  10:10  SCV  
  135  10:12  Marine, Missile Turret  
  135  10:13  Marine x3  
  140  10:14  Marauder  
  142  10:30  Marine x2, Siege Tank  
  142  10:31  Marine x2  
  142  10:33  Missile Turret  
  149  10:36  Marauder  
  147  10:48  Marine x2  
  149  10:54  Viking  
  149  10:55  Missile Turret, Medivac  
  146  11:02  Siege Tank  
  137  11:08  Marauder  
  137  11:09  Marine x3  
  137  11:10  Marine  
  142  11:14  Refinery  
  144  11:28  Missile Turret  
Show
View Real Time Build Order
Export as new Build Order

capac Terran 

Build Orders: Reaper Expand, Bio Tank 

Get SALT Encoding   

  12  0:01  SCV  
  13  0:13  SCV  
  14  0:19  Supply Depot  
  14  0:25  SCV  
  15  0:40  SCV  
  16  0:43  Barracks  
  16  0:45  Refinery  
  16  0:52  SCV  
  17  1:04  SCV  
  18  1:17  SCV  
  19  1:31  Reaper  
  20  1:34  Command Center  
  20  1:41  Orbital Command  
  20  2:09  Marine  
  20  2:12  SCV  
  22  2:17  Refinery  
  22  2:18  Factory  
  22  2:27  Barracks, Marine  
  23  2:31  Supply Depot  
  22  2:43  SCV  
  23  2:58  Marine  
  23  3:04  Bunker  
  23  3:05  Orbital Command  
  24  3:07  Factory Tech Lab  
  24  3:10  Starport, SCV  
  25  3:15  Barracks Tech Lab  
  25  3:22  SCV  
  25  3:23  Marine  
  27  3:29  Siege Tank  
  27  3:32  SCV  
  31  3:44  SCV  
  31  3:45  Barracks Reactor  
  31  3:47  Medivac  
  34  3:53  Engineering Bay  
  34  3:54  SCV  
  35  4:03  SCV  
  35  4:06  SCV  
  37  4:10  Marine  
  37  4:15  SCV  
  37  4:16  Siege Tank  
  42  4:18  SCV  
  42  4:23  Supply Depot  
  43  4:30  Supply Depot  
  43  4:39  Refinery, SCV x2  
  43  4:40  Marine x2  
  43  4:44  Starport Reactor  
  47  4:50  Supply Depot  
  47  4:57  SCV  
  47  4:58  SCV  
  49  5:01  Supply Depot  
  49  5:04  Marine x2  
  51  5:12  SCV x2  
  53  5:14  Supply Depot  
  53  5:22  Siege Tank  
  53  5:24  Marine  
  53  5:25  Missile Turret  
  53  5:27  Stimpack  
  57  5:33  SCV x2  
  59  5:38  Supply Depot  
  59  5:49  Supply Depot  
  59  5:50  SCV x2, Missile Turret  
  59  5:52  Marine x2  
  59  5:53  Marine  
  64  5:57  Medivac  
  64  5:58  Medivac  
  64  6:02  SCV  
  69  6:05  Refinery  
  69  6:10  Marine  
  70  6:14  Missile Turret  
  70  6:19  Siege Tank  
  70  6:20  Marine x2  
  70  6:24  Supply Depot  
  75  6:28  SCV x2  
  77  6:33  Marine  
  77  6:37  Barracks  
  77  6:38  Marine  
  79  6:43  Viking  
  79  6:44  Barracks  
  81  6:47  Viking  
  81  6:49  SCV  
  81  6:51  SCV  
  85  7:07  Marine x3  
  88  7:09  SCV x2  
  88  7:13  Medivac  
  92  7:17  Medivac  
  94  7:25  Marine x2  
  94  7:27  Barracks Reactor  
  96  7:37  Command Center  
  96  7:38  Barracks Reactor  
  96  7:42  Combat Shields  
  96  8:02  Marine x3  
  96  8:03  Marine x2  
  96  8:05  Medivac x2  
  105  8:07  Siege Tank  
  105  8:09  Supply Depot  
  97  8:48  SCV x2  
  78  8:49  Siege Tank  
  78  8:50  Marine x4  
  78  8:51  Marine x3  
  81  8:57  Liberator x2  
  81  9:08  Marine x6  
  87  9:14  Supply Depot  
  93  9:25  Starport  
  93  9:32  Marine x3  
  93  9:33  Marine x4  
  93  9:35  Siege Tank  
  103  9:45  Armory  
  103  9:48  Supply Depot  
  103  9:50  Marine x4  
  103  9:51  Marine x2  
  109  9:59  Marine  
  110  10:02  Starport Reactor  
  110  10:04  Missile Turret  
  110  10:08  Starport, Marine x5  
  110  10:09  Marine  
  110  10:11  Supply Depot  
  116  10:16  Marine  
  116  10:19  Siege Tank  
  120  10:24  Medivac  
  120  10:26  Marine x6  
  120  10:27  Medivac  
  130  10:36  Command Center  
  130  10:38  Marine  
  130  10:41  Missile Turret  
  131  10:43  Marine  
  131  10:44  Marine  
  84  11:02  Marine x5  
  56  11:13  Marine x2  
  58  11:19  Marine  
  58  11:20  Marine  
Tags
 
Add a new tag
Caveats
  • Supply blocks, unpowered buildings, or Contaminate may cause inaccurate times.
  • Supply counts are checked every 10 seconds.